Map: Paladino Terminal LE

Players

미소 - Winner!

  • Race: Terran Terran
  • League: Master
  • Spawn Location: 9:00

llllllllllll

  • Race: Terran Terran
  • League: Grandmaster
  • Spawn Location: 5:00

VOD

Have the link to the VOD?

Description

Time

  • Played on: Feb. 13, 2017, 9:33 a.m.
  • Length: 5:03
Show
View Real Time Build Order
Export as new Build Order

미소 Terran - Winner!

Build Orders: Cyclone Opening 

Get SALT Encoding   

  12  0:01  SCV  
  13  0:13  SCV  
  14  0:20  Supply Depot  
  14  0:25  SCV  
  15  0:31  Refinery  
  15  0:41  SCV  
  16  0:49  Barracks  
  16  0:53  SCV  
  17  1:00  Refinery  
  17  1:05  SCV  
  18  1:17  SCV  
  19  1:37  Orbital Command, Factory  
  19  1:41  Barracks Reactor  
  19  1:51  Supply Depot  
  19  2:04  SCV  
  20  2:27  Cyclone x2  
  26  2:33  Supply Depot  
  26  2:34  SCV  
  26  2:46  SCV  
  24  2:58  SCV  
  24  2:59  Cyclone  
  24  3:04  Cyclone  
  30  3:30  SCV  
  30  3:31  Cyclone  
  34  3:37  Cyclone  
  37  3:54  SCV, Supply Depot  
  38  4:06  SCV  
  39  4:16  Cyclone  
  42  4:19  Cyclone  
  42  4:20  SCV  
  40  4:48  SCV  
Show
View Real Time Build Order
Export as new Build Order

llllllllllll Terran 

Build Orders: Reaper Expand 

Get SALT Encoding   

  12  0:00  SCV  
  13  0:12  SCV  
  14  0:18  Supply Depot  
  14  0:24  SCV  
  15  0:29  Refinery  
  15  0:39  SCV  
  16  0:46  Barracks  
  16  0:51  SCV  
  17  1:04  SCV  
  18  1:16  SCV  
  19  1:33  Reaper, Orbital Command  
  20  1:46  Command Center  
  20  1:57  Factory  
  20  2:00  SCV  
  21  2:06  Refinery  
  21  2:08  Barracks Reactor  
  21  2:16  Supply Depot  
  21  2:19  SCV  
  22  2:31  SCV  
  23  2:42  Hellion  
  23  2:43  SCV  
  26  2:45  Marine x2  
  28  2:53  Starport  
  28  2:55  SCV  
  29  3:03  Marine x2  
  31  3:08  Cyclone  
  32  3:13  SCV  
  33  3:22  Supply Depot  
  33  3:23  Marine  
  32  3:40  Cyclone  
  33  4:01  Viking  
  34  4:17  Cyclone  
  22  4:31  Viking  
Tags
 
Add a new tag
Caveats
  • Supply blocks, unpowered buildings, or Contaminate may cause inaccurate times.
  • Supply counts are checked every 10 seconds.